 Dungeon Crawl Stone Soup version 0.28.0-53-g5a82cb258f (webtiles) character file.

Game seed: 653971778256084151

795 safid the Cleaver (level 7, 0/59 HPs)
             Began as a Hill Orc Fighter on Aug 12, 2022.
             Slain by an iguana (7 damage)
             ... on level 5 of the Dungeon.
             The game lasted 00:05:13 (4714 turns).

safid the Cleaver (Hill Orc Fighter)                Turns: 4714, Time: 00:05:14

Health: 0/59       AC:  8    Str: 21    XL:     7   Next: 89%
Magic:  7/7        EV:  9    Int:  8    God:
Gold:   175        SH:  4    Dex: 10    Spells: 6/6 levels left

rFire   . . .      SeeInvis .   a - +0 war axe
rCold   . . .      Faith    .   c - +0 buckler
rNeg    . . .      Spirit   .   b - +0 scale mail
rPois   +          Reflect  .   m - +0 helmet
rElec   .          Harm     .   (no cloak)
rCorr   .          Rampage  .   (no gloves)
Will    .....                   (no boots)
Stlth   ..........              (no amulet)
HPRegen 0.19/turn               l - ring of poison resistance
MPRegen 0.10/turn               (no ring)

@: no status effects
A: no striking features
a: no special abilities


You were on level 5 of the Dungeon.
You visited 1 branch of the dungeon, and saw 5 of its levels.

You collected 175 gold pieces.

Inventory:

Hand Weapons
 a - a +0 war axe (weapon)
Missiles
 h - 6 poisoned darts (quivered)
Armour
 b - a +0 scale mail (worn)
 c - a +0 buckler (worn)
 m - a +0 helmet (worn)
Jewellery
 l - a ring of poison resistance (left hand)
 p - the amulet "Naweyrch" {Spirit *Corrode rElec Int+7 Dex+2}
   (You found it on level 3 of the Dungeon)

   [amulet of guardian spirit]

   It causes incoming damage to be divided between your reserves of health and
   magic.
   Int:       It affects your intelligence (+7).
   Dex:       It affects your dexterity (+2).
   rElec:     It insulates you from electricity.
   *Corrode:  It may corrode you when you take damage.
 q - a ring of fire
Wands
 u - a wand of polymorph (13)
Scrolls
 e - 2 scrolls of blinking {unknown}
 i - a scroll of enchant armour {unknown}
 j - 2 scrolls of teleportation {unknown}
 o - a scroll of enchant weapon {unknown}
 t - a scroll of immolation {unknown}
Potions
 d - a potion of curing {unknown}
 f - a potion of lignification {unknown}
 g - a potion of haste
 k - a potion of invisibility {unknown}
 n - a potion of attraction {unknown}
 r - a potion of magic {unknown}
 s - a potion of brilliance {unknown}


   Skills:
 - Level 4.0 Fighting
 + Level 10.6 Axes
 - Level 4.0 Armour
 - Level 4.0 Shields


You had 6 spell levels left.
You didn't know any spells.
Your spell library was empty.

Dungeon Overview and Level Annotations

Branches:
Dungeon (5/15)
 Temple: D:4-7

Altars:
Xom

Shops:
D:1 *   D:3 *

Annotations:
D:3 2 transporters, safid's ghost, amateur HOFi


Message History

You hit the ogre.
The ogre is almost dead.
You hit the ogre but do no damage.
The ogre is almost dead.
The ogre hits you with a +0 giant club!!
You slice the ogre!!
You kill the ogre!
You hit the iguana but do no damage. The iguana bites you.
You hit the iguana but do no damage. You miss the hound. The iguana bites you.
The hound bites you but does no damage.
You are too injured to fight recklessly!
You are too injured to fight recklessly!
You are too injured to fight recklessly!
You are too injured to fight recklessly!
You are too injured to fight recklessly!
You are too injured to fight recklessly!
You are too injured to fight recklessly!
You are too injured to fight recklessly!
You are too injured to fight recklessly!
You are too injured to fight recklessly!
You are too injured to fight recklessly!
You are too injured to fight recklessly!
Unknown command.
You slice the hound!!
You kill the hound!
You closely miss the iguana. The iguana bites you!
* * * LOW HITPOINT WARNING * * *
Unknown command.
You closely miss the iguana. The iguana bites you.
* * * LOW HITPOINT WARNING * * *
Unknown command.
You slash the iguana!
The iguana is almost dead.
The iguana bites you.
* * * LOW HITPOINT WARNING * * *
Unknown command.
You hit the iguana but do no damage.
The iguana is almost dead.
The iguana bites you!
You die...

.>.^# # #.#.#####.#
##.#.......# #
#..........# #⌠#
#........# ≈..
#<#####.# _ ≈.
##.......# ..
#≈≈..^≈.♣≈#..#####.#
.. ⌠≈^♣≈__..≈⌠.@#
#.##...≈≈..≈.#l)#
#..##.≈^....##..#
#.#.# _^...##..##
##.#.####⌠###...#
.....).)........#
.....)..l...<...#
####.#...........#
.....###..##.#......


You could see an iguana.

Vanquished Creatures
  2 water moccasins
  2 ogres
  A centaur (D:4)
  Blork the orc (D:4)
  A hound (D:5)
  A jelly (D:4)
  An iguana (D:4)
  Robin (D:3)
  4 gnolls (D:5)
  4 adders
  2 worms (D:2)
  2 dart slugs
  8 orcs
  3 endoplasms
  A giant cockroach (D:4)
  7 goblins
  7 hobgoblins
  6 jackals
  3 quokkas
  7 ball pythons
  6 bats
  A frilled lizard (D:2)
  7 kobolds
  4 rats
82 creatures vanquished.

Notes
Turn   | Place    | Note
-------+----------+-------------------------------------------
     0 | D:1      | safid the Hill Orc Fighter began the quest for the Orb.
     0 | D:1      | Reached XP level 1. HP: 19/19 MP: 1/1
    97 | D:1      | Found Giecinop's General Store.
   410 | D:1      | Reached skill level 3 in Axes
   410 | D:1      | Reached XP level 2. HP: 27/27 MP: 2/2
   988 | D:2      | Reached XP level 3. HP: 33/33 MP: 3/3
  1566 | D:2      | Reached XP level 4. HP: 32/40 MP: 4/4
  1937 | D:3      | Found a transporter.
  1938 | D:3      | Noticed safid's ghost (amateur HOFi)
  1939 | D:3      | Noticed an ogre
  1945 | D:3      | Noticed Robin
  1954 | D:3      | Killed Robin
  1955 | D:3      | Reached skill level 4 in Axes
  2143 | D:3      | Found a faded altar of an unknown god.
  2447 | D:3      | Found a transporter.
  2493 | D:3      | Noticed a water moccasin
  2504 | D:3      | HP: 2/40 [poisoned by a water moccasin]
  2508 | D:3      | Killed a water moccasin
  2509 | D:3      | Reached skill level 6 in Axes
  2509 | D:3      | Reached XP level 5. HP: 9/46 MP: 5/5
  2820 | D:3      | Found Haguh's General Store.
  3060 | D:3      | Identified the amulet "Naweyrch" {Spirit *Corrode rElec
                  | Int+7 Dex+2}
  3323 | D:4      | Noticed a centaur
  3328 | D:4      | Noticed an ogre
  3336 | D:4      | Killed a centaur
  3337 | D:4      | Reached skill level 7 in Axes
  3337 | D:4      | Reached XP level 6. HP: 14/52 MP: 6/6
  3562 | D:4      | Reached skill level 8 in Axes
  4010 | D:4      | Reached XP level 7. HP: 59/59 MP: 7/7
  4077 | D:4      | Reached skill level 9 in Axes
  4100 | D:4      | Noticed Blork the orc
  4110 | D:4      | Killed Blork the orc
  4332 | D:5      | Entered Level 5 of the Dungeon
  4332 | D:5      | Found a shimmering altar of Xom.
  4334 | D:5      | Found a shimmering altar of Xom.
  4335 | D:5      | Found a shimmering altar of Xom.
  4361 | D:5      | Reached skill level 10 in Axes
  4703 | D:5      | Found a shimmering altar of Xom.
  4714 | D:5      | Slain by an iguana

Illustrated notes

Levels and vault maps discovered:
D:1:      ebering_hopf_link, layout_basic, serial_shops, shop
D:2:      layout_basic
D:3:      layout_basic, nicolae_ecumenical_oubliette, gammafunk_ghost_smash,
          serial_shops, shop_statue, amethyst_killhole,
          hangedman_decor_diamond_cutter, uniq_robin
D:4:      layout_basic, st_stairs_4, hangedman_decor_lopped,
          minmay_misc_feat_room, uniq_blork_the_orc
D:5:      layout_basic, kennysheep_little_box, tgw_kikubaaqudgha,
          xom_redecorated

Skill      XL: |  1  2  3  4  5  6  7 |
---------------+----------------------+-----
Axes           | 3 6 7 8 10 | 10.6
Fighting       | 4 |  4.0
Shields        | 4 |  4.0
Armour         | 4 |  4.0

Action                   |  1- 3 |  4- 6 |  7- 9 || total
-------------------------+-------+-------+-------++-------
Melee: War axe           |   113 |    96 |    53 ||   262
  Use: Potion            |       |     3 |       ||     3
Armor: Scale mail        |    74 |    52 |    10 ||   136
Dodge: Dodged            |    58 |    53 |    14 ||   125
Block: Buckler           |    24 |    32 |    12 ||    68
